AoeStats
← Nikke1900

Arabia

510129897Analyzed
1v1 RM · 2d ago on Sep 29, 2026· 63m 16s· 2 players
Game mode
Random Map
Map size
Tiny (2 player)
Population
200
Speed
Normal
Resources
Standard
Victory
Conquest
Starting age
Dark Age
Ending age
Imperial Age
RankedLock teamsTeams togetherTeam positionsShared explorationLock speedFull tech treeHidden civsTurbo modeCheats
Victory
Defeat
🇩🇪 Japanese · Germany
1339
+14
🇺🇸 Inca · United States
1288
-14
Nikke1900
6:01 Loom
9:28 Feudal Age
9:32 Man-at-Arms
10:02 Double-Bit Axe
20:56 Castle Age
19:49 Gold Mining
19:44 Horse Collar
20:29 Fletching
21:36 Bodkin Arrow
21:15 Crossbowman
27:08 Scale Mail Armor
32:46 Imperial Age
33:17 Wheelbarrow
32:28 Town Watch
32:53 Arbalester
33:53 Bracer
35:56 Wheelbarrow
35:07 Town Watch
35:52 Conscription
35:22 Capped Ram
41:53 Chain Mail Armor
41:49 Forging
44:31 Bow Saw
45:14 Elite Skirmisher
45:44 Elite Samurai
47:49 Thumb Ring
48:24 Plate Mail Armor
51:17 Light Cavalry
52:08 Bloodlines
51:58 Husbandry
52:27 Scale Barding Armor
52:58 Iron Casting
52:24 Padded Archer Armor
53:54 Kataparuto
54:11 Hoardings
59:38 Hand Cart
59:45 Ballistics
amaruit
8:24 Loom
10:32 Feudal Age
12:25 Double-Bit Axe
19:56 Wheelbarrow
19:51 Stone Mining
19:53 Gold Mining
19:45 Horse Collar
20:04 Fletching
23:37 Castle Age
24:36 Padded Archer Armor
24:32 Bodkin Arrow
25:50 Squires
25:53 Scale Mail Armor
26:03 Forging
26:32 Bow Saw
26:13 Town Watch
27:28 Ballistics
27:40 Chain Mail Armor
30:22 Leather Archer Armor
35:02 Imperial Age
33:32 Masonry
33:09 Elite Skirmisher
36:04 Conscription
35:57 Bracer
50:01 Gold Shaft Mining
50:05 Andean Sling
Connection lost

Rejoining the realm…

Still unreachable

The connection could not be restored.

Session expired

The server has moved on; the page needs a fresh start.